 Dungeon Crawl Stone Soup version 0.31-a0-981-geadf994542 (webtiles) character file.

Game seed: 12818368172995241397

3224 Zonian the Thaumaturge (level 9, -4/45 HPs)
             Began as a Deep Elf Conjurer on Nov 1, 2023.
             Was an Elder of Nemelex Xobeh.
             Slain by a hornet (11 damage)
             ... on level 8 of the Dungeon.
             The game lasted 00:26:24 (11186 turns).

Zonian the Thaumaturge (Deep Elf Conjurer)         Turns: 11186, Time: 00:26:25

Health: -4/45      AC:  7    Str:  4    XL:     9   Next: 66%
Magic:  32/32      EV: 12    Int: 34    God:    Nemelex Xobeh [****..]
Gold:   412        SH:  4    Dex: 13    Spells: 11/25 levels left

rFire   + . .        g - +6 dagger (drain)
rCold   . . .        h - +0 buckler
rNeg    . . .        t - +2 leather armour {rF+}
rPois   .            (no helmet)
rElec   .            J - +0 cloak
rCorr   .            (no gloves)
SInv    .            q - +0 pair of boots
Will    .....        w - amulet of the acrobat
Stlth   ++++         f - +6 ring of intelligence
HPRegen 0.27/turn    D - ring of magical power
MPRegen 0.23/turn

%: acrobat
@: slowed, very slow
A: no striking features
a: Renounce Religion, Draw Escape, Draw Destruction, Draw Summoning, Triple
Draw, Deal Four


You were on level 8 of the Dungeon.
You worshipped Nemelex Xobeh.
Nemelex Xobeh was greatly pleased with you.
You visited 1 branch of the dungeon, and saw 8 of its levels.
You also visited: Ossuary.

You collected 412 gold pieces.

Inventory:

Hand Weapons
 c - a +0 dagger
 g - a +6 dagger of draining (weapon)
 j - a +0 short sword
 r - a +0 orcbow
 x - a +2 flail of holy wrath
 F - a +0 sling
 H - a +5 flail of protection
 M - a +1 whip of draining
Missiles
 i - 3 darts of dispersal
 k - 15 poisoned darts
 v - 5 curare-tipped darts
Armour
 a - a +0 robe
 h - a +0 buckler (worn)
 q - a +0 pair of boots (worn)
 t - a +2 leather armour of fire resistance (worn)
 J - a +0 cloak (worn)
Jewellery
 f - a +6 ring of intelligence (left hand)
 l - an amulet of regeneration
 w - an amulet of the acrobat (around neck)
 A - a ring of fire
 B - a ring of protection from fire
 D - a ring of magical power (right hand)
 K - a ring of fire
 N - a +6 ring of dexterity
Wands
 p - a wand of mindburst (13)
 y - a wand of flame (20)
Scrolls
 m - a scroll of fog
 n - a scroll of amnesia
 u - 2 scrolls of vulnerability
 O - a scroll of teleportation
Potions
 b - a potion of magic
 d - a potion of ambrosia
 e - 4 potions of enlightenment
 o - 2 potions of heal wounds
 s - 2 potions of berserk rage
 z - 3 potions of haste
 C - 4 potions of curing
 E - 2 potions of might
 G - 2 potions of lignification
 I - 2 potions of attraction {unknown}
 L - 2 potions of degeneration {unknown}


   Skills:
 + Level 7.7 Dodging
 + Level 8.4 Stealth
 + Level 1.1 Shields
 + Level 8.7 Spellcasting
 - Level 7.9 Conjurations
 - Level 6.9 Hexes
 + Level 1.8 Translocations


You had 11 spell levels left.
You knew the following spells:

 Your Spells              Type           Power      Damage    Failure   Level
a - Magic Dart            Conj           100%       1d8       1%          1
b - Searing Ray           Conj           100%       2d8       1%          2
c - Dazzling Flash        Conj/Hex       100%       N/A       1%          3
d - Fulminant Prism       Conj/Hex       30%        3d16      4%          4
e - Iskenderun's Mystic   Conj/Tloc      48%        2d11      14%         4

Your spell library contained the following spells:

 Spells                   Type           Power      Damage    Failure   Level
 Necrotise                Necr           56%        1d6       11%         1
 Sting                    Tmut/Pois      56%        1d5       11%         1
 Poisonous Vapours        Pois/Air       28%        N/A       16%         2
 Gell's Gravitas          Tloc           27%        N/A       16%         3
 Teleport Other           Tloc           27%        N/A       16%         3
 Vampiric Draining        Necr           14%        2d7       32%         3
 Summon Mana Viper        Hex/Summ       38%        N/A       58%         5
 Olgreb's Toxic Radiance  Pois           14%        N/A       71%         4
 Summon Forest            Summ/Tloc      10%        N/A       90%         5
 Agony                    Necr           14%        N/A       96%         5
 Dispersal                Tloc           13%        N/A       100%        6
 Summon Cactus Giant      Summ           7%         N/A       100%        6


Dungeon Overview and Level Annotations

Branches:
Dungeon (8/15)             Temple (0/1) D:6         Ossuary (visited)
   Lair: D:8-11

Altars:
Elyvilon
Makhleb
Nemelex Xobeh
Qazlal
Trog
Vehumet
Yredelemnul
Zin

Shops:
D:2 ?   D:5 =

Annotations:
D:5 Dowan


Message History

Press: ? - help, Shift-Dir - straight line, f - hornet
Aim: a hornet (wandering, hasn't noticed you, 74% to hit)
The searing ray hits the hornet!
The hornet is moderately wounded.
The hornet buzzes angrily. (Press . to maintain the ray.)
The hornet stings you but does no damage.
The searing ray misses the hornet.
The hornet stings you.
You suddenly lose the ability to move!
The hornet stings you!
You feel yourself slow down. The hornet stings you!
You are poisoned.
You shrug off the repeated paralysis!
You feel very sick. The hornet stings you!
* * * LOW HITPOINT WARNING * * *
You feel as though you will be slow longer.
The hornet completely misses you.
You can move again.
You feel better. You block the hornet's attack.
The hornet stings you but does no damage.
You draw a card...
You have drawn Wild Magic.
Multicoloured lights dance around the hornet.
The hornet seems to slow down.
You feel a surge of magic.
You feel your power returning.
You feel yourself speed up. The hornet stings you.
You shrug off the repeated paralysis!
Unknown command.
You draw a card...
You have drawn the Storm.
A fierce wind blows from the card.
The hornet is knocked back by the gust of wind.
The hornet slams into the rock wall!
The hornet is severely wounded.
You hear a mighty peal of thunder!
The hornet is no longer moving slowly.
Unknown command.
You draw a card...
You have drawn Wild Magic.
Flames sear the hornet.
You feel a surge of magic. The hornet stings you!
* * * LOW HITPOINT WARNING * * *
You feel yourself slow down. The hornet stings you!
You die...
Your body glows with a rainbow of weird colours and disappears.

#.#.......................
#...#############.########
#...# .. #.#....... #...# .#
#.#.####.# #...# .# #.#....#.#
###.####.#.#.####.####.#)#
#......#.#...........#)# ####
#.######y#############[# #..#
#......@..[.............
##..######.########....#.#.(###
#.....####.# ##.....####
#.###...##.# ##.....).... #.#
###....### ####.........## #.#
###....####....#.##..#..# #.#
#.##....#.#....##.....# #.#
#.#####)....####..##... ##.#
#.##........##...## .##


You could see a hornet.

Vanquished Creatures
  A yak (D:7)
  A steam dragon (D:8)
  Menkaure (D:4)
  3 water moccasins (D:6)
  Duvessa (D:5)
  2 ice beasts
  2 sky beasts (D:7)
  2 black bears
  A centaur (D:5)
  An elf zombie (Ossuary)
  A phantom (D:7)
  A kobold brigand (D:8)
  2 bullfrogs (D:7)
  A scorpion (D:5)
  2 wights (D:4)
  5 killer bees (D:7)
  5 howler monkeys
  A jelly (D:6)
  A centaur zombie (Ossuary)
  2 human zombies (Ossuary)
  5 orc priests
  4 hounds
  A sleepcap (D:7)
  3 iguanas
  6 orc wizards
  2 mummies (Ossuary)
  6 adders
  A shadow imp (D:8)
  A white imp (D:6)
  2 ufetubi (D:7)
  An adder zombie (Ossuary)
  2 worms
  2 dart slugs
  21 orcs
  4 ball pythons
  7 endoplasms
  A giant cockroach (D:4)
  8 goblins
  5 hobgoblins
  6 jackals
  5 quokkas
  9 bats
  2 frilled lizards
  A goblin zombie (Ossuary)
  8 hobgoblin zombies (Ossuary)
  A jackal zombie (Ossuary)
  12 kobolds
  9 kobold zombies (Ossuary)
  9 orc zombies (Ossuary)
  5 rats
  4 rat zombies (Ossuary)
189 creatures vanquished.

Notes
Turn   | Place    | Note
-------+----------+-------------------------------------------
     0 | D:1      | Zonian the Deep Elf Conjurer began the quest for the Orb.
     0 | D:1      | Reached XP level 1. HP: 10/10 MP: 6/6
   263 | D:1      | Reached XP level 2. HP: 15/15 MP: 6/8
   734 | D:1      | Reached XP level 3. HP: 19/19 MP: 7/10
  1153 | D:1      | Found a faded altar of an unknown god.
  1158 | D:1      | Prayed at the altar of an unknown god.
  1158 | D:1      | Became a worshipper of Nemelex Xobeh the Trickster
  1158 | D:1      | Reached * piety under Nemelex Xobeh
  1158 | D:1      | Received a gift from Nemelex Xobeh
  1331 | D:2      | Found a radiant altar of Vehumet.
  1618 | D:2      | Found Qagurph's Magic Scroll Shoppe.
  1627 | D:2      | Learned a level 2 spell: Searing Ray
  2022 | D:2      | Reached XP level 4. HP: 24/24 MP: 4/11
  2154 | D:3      | Found a bloodstained altar of Trog.
  2318 | D:3      | Received a gift from Nemelex Xobeh
  2346 | D:3      | Found a sparkling altar of Nemelex Xobeh.
  2439 | D:3      | Found a basalt altar of Yredelemnul.
  2743 | D:3      | Reached skill level 5 in Conjurations
  3162 | D:3      | Reached ** piety under Nemelex Xobeh
  3280 | D:3      | Learned a level 3 spell: Dazzling Flash
  3518 | D:4      | Reached XP level 5. HP: 28/28 MP: 9/13
  3755 | D:4      | Found a sand-covered staircase.
  3771 | Ossuary  | Entered an ossuary
  3928 | Ossuary  | Reached skill level 1 in Hexes
  4900 | Ossuary  | Reached XP level 6. HP: 23/32 MP: 9/15
  4904 | Ossuary  | Reached skill level 5 in Spellcasting
  5286 | D:4      | Noticed Menkaure
  5301 | D:4      | Killed Menkaure
  5302 | D:4      | Reached skill level 5 in Stealth
  5302 | D:4      | Reached XP level 7. HP: 23/36 MP: 17/17
  6016 | D:4      | Reached skill level 5 in Dodging
  6072 | D:5      | Entered Level 5 of the Dungeon
  6297 | D:5      | Learned a level 4 spell: Fulminant Prism
  6354 | D:5      | Found Aquosaw's Jewellery Shop.
  7302 | D:5      | Noticed Duvessa
  7637 | D:5      | Reached XP level 8. HP: 24/41 MP: 19/19
  7812 | D:5      | Noticed Dowan
  7879 | D:5      | Killed Duvessa
  7939 | D:5      | Found a burning altar of Makhleb.
  8066 | D:6      | Reached *** piety under Nemelex Xobeh
  8066 | D:6      | Found a staircase to the Ecumenical Temple.
  8086 | D:5      | Reached skill level 5 in Hexes
  8915 | D:7      | Found a stormy altar of Qazlal.
  8999 | D:7      | Received a gift from Nemelex Xobeh
  9020 | D:7      | Reached XP level 9. HP: 17/45 MP: 22/22
  9410 | D:7      | Found a white marble altar of Elyvilon.
  9521 | D:7      | Found a glowing silver altar of Zin.
  9645 | D:7      | Reached **** piety under Nemelex Xobeh
 10157 | D:7      | Learned a level 4 spell: Iskenderun's Mystic Blast
 10620 | D:8      | Reached skill level 1 in Translocations
 10661 | D:8      | Reached skill level 1 in Shields
 11180 | D:8      | Paralysed by a hornet for 3 turns
 11186 | D:8      | Slain by a hornet

Illustrated notes

Levels and vault maps discovered:
D:1:      dpeg_arrival_tiny_a, layout_basic, ebering_ecumenical_altar_mist
D:2:      layout_loops_ring, serial_shops, shop, basic_altar, grunt_decor_cap,
          kennysheep_cross_room
D:3:      wad_lake_hut, layout_rooms, nemelex_dance_club_becter,
          mainiacjoe_overflow_alcove_2, mainiacjoe_overflow_catwalk
D:4:      layout_basic, enter_ossuary_1, uniq_menkaure
D:5:      layout_loops_ring, marbit_many_paths, serial_shops, shop,
          kennysheep_small_spiral, uniq_duvessa
D:6:      layout_cave_pools, temple_fountains, item_on_display_a
D:7:      layout_loops_corners, nicolae_elyvilon_peaceful_grove,
          overflow_temple_1_default, kennysheep_mini_moat
D:8:      layout_rooms, roderic_lattice_a, serial_bayou_ford_a

Skill      XL: |  1  2  3  4  5  6  7  8  9 |
---------------+----------------------------+-----
Stealth        | 3 4 5 6 7 8 |  8.4
Dodging        | 3 4 5 6 7 |  7.7
Spellcasting   | 4 5 6 7 8 |  8.7
Conjurations   | 5 6 7 |  7.9
Hexes          | 1 2 4 6 |  6.9
Translocations | 1 |  1.8
Shields        | 1 |  1.1

Action                     |  1- 3 |  4- 6 |  7- 9 || total
---------------------------+-------+-------+-------++-------
  Melee: Dagger            |     1 |     6 |    19 ||    26
  Throw: Dart              |       |       |     1 ||     1
   Cast: Magic Dart        |    81 |   182 |   174 ||   437
         Searing Ray       |       |     7 |    39 ||    46
 Invoke: Draw Destruction  |       |     2 |     3 ||     5
  Evoke: Wand              |       |     2 |     2 ||     4
    Use: Scroll            |       |       |    19 ||    19
         Potion            |       |       |     1 ||     1
   Stab: Sleeping          |       |     2 |       ||     2
 Armour: Robe              |     6 |    32 |     9 ||    47
         Leather armour    |       |       |    46 ||    46
  Dodge: Dodged            |    15 |    29 |    80 ||   124
  Block: Buckler           |       |       |     6 ||     6

Table legend: (Time is in decaauts)
 A = Elapsed time spent in this place.
 B = Non-inter-level travel time spent in this place.
 C = Inter-level travel time spent in this place.
 D = Time resting spent in this place.
 E = Time spent auto-exploring this place.
 F = Levels seen in this place.
 G = Mean time per level.
                   A        B        C        D        E       F      G
               +--------+--------+--------+--------+--------+-----+--------+
         Total |  11222 |  10977 |    245 |   3807 |   5107 |   9 | 1246.9 |
       Dungeon |   9960 |   9715 |    245 |   3038 |   5034 |   8 | 1245.0 |
       Ossuary |   1262 |   1262 |      0 |    769 |     73 |   1 | 1262.0 |
               +--------+--------+--------+--------+--------+-----+--------+

Top non-repeatable levels by time:
     D:5: 2068 daAuts
     D:7: 1522 daAuts
     D:4: 1423 daAuts
 Ossuary: 1262 daAuts
     D:2: 1223 daAuts
     D:1: 1211 daAuts
     D:3: 985 daAuts
     D:6: 774 daAuts
     D:8: 751 daAuts
